 Dungeon Sprint DCSS version 0.31-a0-365-gcf821cafb2 (webtiles) character file.

Game seed: 9944254708732885555

8133 rocky1 the Warrior (level 11, -3/210 HPs)
             Began as an Ogre Berserker on July 28, 2023.
             Was the Champion of Trog.
             Killed by divine providence
             ... invoked by an orc priest
             ... led by an orc knight
              (12 damage)
             ... in the Dungeon (Sprint VII: "The Pits").
             The game lasted 00:04:46 (2581 turns).

rocky1 the Warrior (Ogre Berserker)                 Turns: 2581, Time: 00:04:47

Health: -3/210     AC:  3    Str: 28    XL:     11   Next: 26%
Magic:  3/3        EV: 13    Int:  8    God:    Trog [******]
Gold:   0          SH:  0    Dex:  8    Spells: 10/10 levels left

rFire   + + .        n - +9 dire flail of Malaise {antimagic, rPois rF++ Str-5 SInv}
rCold   . . .        (shield currently unavailable)
rNeg    . . .        b - +0 animal skin
rPois   +            u - +0 hat {SInv}
rElec   .            (no cloak)
rCorr   .            (gloves unavailable)
SInv    +            (boots unavailable)
Will    +++..        (no amulet) Stlth
                     o - +3 ring of strength
HPRegen 1.55/turn    p - +3 ring of strength
MPRegen 0.08/turn

%: no teleportation
@: berserking (expiring), strong-willed, regenerating, very quick
A: large, unfitting armour, tough skin 1
a: Renounce Religion, Berserk, Trog's Hand, Brothers in Arms


You were in the Dungeon.
You worshipped Trog.
Trog was exalted by your worship.
You visited 1 branch

Inventory:

Hand Weapons
 a - a +0 mace
 k - a +2 mace
 l - a +2 heavy mace
 m - a +0 dire flail
 n - the +9 dire flail of Malaise (weapon) {antimagic, rPois rF++ Str-5 SInv}
   (Trog gifted it to you in the Dungeon)

   Str:       It affects your strength (-5).
   rF:        It greatly protects you from fire.
   rPois:     It protects you from poison.
   SInv:      It lets you see invisible.
 s - a +2 war axe of freezing
 t - a +2 dire flail of protection
 v - a +4 eveningstar
 x - a +2 great mace
 y - a +4 giant spiked club of flaming
Missiles
 w - 7 javelins
Armour
 b - a +0 animal skin (worn)
 u - a +0 hat of see invisible (worn)
Jewellery
 o - a +3 ring of strength (left hand)
 p - a +3 ring of strength (right hand)
Scrolls
 h - a scroll of blinking
 j - a scroll of summoning
Potions
 c - 6 potions of curing
 d - 7 potions of heal wounds
 e - 2 potions of haste
 f - 4 potions of magic
 g - 4 potions of berserk rage
 i - 2 potions of invisibility
 q - a potion of might
 r - a potion of mutation


   Skills:
 + Level 17.8 Fighting
 * Level 17.6 Maces & Flails
 + Level 12.9 Dodging


You had 10 spell levels left.
You didn't know any spells.
Your spell library was empty.

Dungeon Overview and Level Annotations

Branches:
Dungeon (1/1)

Altars:
Ashenzari
Cheibriados
Dithmenos
Elyvilon
Fedhas
Gozag
Hepliaklqana
Kikubaaqudgha
Makhleb
Nemelex Xobeh
Okawaru
Qazlal
Ru
Sif Muna
Trog
Uskayaw
Vehumet
Wu Jian
Xom
Yredelemnul
Zin
The Shining One
Jiyva
Lugonu


Innate Abilities, Weirdness & Mutations

You are too large for most types of armour.
You have tough skin. (AC +1)


Message History

The anaconda is heavily wounded.
The anaconda bites you!
* * * LOW HITPOINT WARNING * * *
The anaconda constricts you.
* * * LOW HITPOINT WARNING * * *
You puncture the anaconda!
The anaconda is severely wounded.
The anaconda barely misses you. The anaconda constricts you.
* * * LOW HITPOINT WARNING * * *
You bludgeon the anaconda!!
You kill the anaconda!
Trog accepts your kill.
You puncture the boulder beetle!
The boulder beetle is moderately wounded.
You impale the boulder beetle!!
The boulder beetle is severely wounded.
You bludgeon the boulder beetle!!
You kill the boulder beetle!
Trog accepts your kill.
You puncture the swamp drake!
The swamp drake is heavily wounded.
You crush the swamp drake like a grape!!!
You feel the power of Trog in you as your rage grows.
You kill the swamp drake!
Trog accepts your kill.
You barely miss the troll. You closely miss the troll. The troll bites you!
* * * LOW HITPOINT WARNING * * *
The troll misses you. The troll claws you!
* * * LOW HITPOINT WARNING * * *
You bludgeon the troll!!
The troll is severely wounded.
You impale the troll!!
You kill the troll!
Trog accepts your kill.
Found a warg corpse.
The wraith hits you!
* * * LOW HITPOINT WARNING * * *
The orc priest calls down the wrath of Beogh upon you.
Beogh smites you!
You die...

##......#...' #...
##....###...## .#...#
##...##.'...+.##
....#
##..##..##'##..##...#
##..#..##...##..+...#
##))#).#.....#..#†..#
##..)).'...†.'..+...+
##..#).#.....#.)#oW.#
##..#..##...##..@t..#
##..##..##'##..##W..#
##...##.'...).##
W...# ##... ###...###
.#...# ##.... #...+
###...# ###### #####
####


You could see a snapping turtle, 3 wraiths and an orc priest.

Vanquished Creatures
  Gastronok (D)
  Josephine (D)
  An anaconda (D)
  A boulder beetle (D)
  2 orc knights (D)
  A manticore (D)
  A smoke demon (D)
  A guardian mummy (D)
  2 trolls (D)
  A merfolk (D)
  A basilisk (D)
  A fire bat (D)
  A warg (D)
  A swamp drake (D)
  An orc warrior (D)
  A small abomination (D)
  A bullfrog (D)
  7 wights (D)
  A jelly (D)
  2 iron imps (D)
  2 orc wizards (D)
  3 river rats (D)
  2 orcs (D)
  A bat zombie (D)
  An endoplasm (D)
  A giant cockroach (D)
  2 goblins (D)
  A hobgoblin (D)
  4 jackals (D)
  A quokka (D)
  A rat (D)
48 creatures vanquished.

Vanquished Creatures (collateral kills)
  Urug (D)
  A shadow wraith (D)
  A jumping spider (D)
  Sigmund (D)
  A shadow (D)
  An orc warrior (D)
  2 orc priests (D)
  4 orcs (D)
  A ball python (D)
13 creatures vanquished.

Grand Total: 61 creatures vanquished

Notes
Turn   | Place    | Note
-------+----------+-------------------------------------------
     0 | D        | rocky1 the Ogre Berserker began the quest for the Orb.
     0 | D        | Reached XP level 1. HP: 24/24 MP: 1/1
   260 | D        | Found a bloodstained altar of Trog.
   260 | D        | Found a shimmering blue altar of Sif Muna.
   260 | D        | Found a viscous altar of Jiyva.
   260 | D        | Found a hazy altar of Hepliaklqana.
   260 | D        | Found an opulent altar of Gozag.
   261 | D        | Found a glowing golden altar of the Shining One.
   261 | D        | Found a glowing silver altar of Zin.
   261 | D        | Found a basalt altar of Yredelemnul.
   261 | D        | Found a shimmering altar of Xom.
   261 | D        | Found an ornate altar of the Wu Jian Council.
   261 | D        | Found a sacrificial altar of Ru.
   261 | D        | Found a stormy altar of Qazlal.
   261 | D        | Found an iron altar of Okawaru.
   261 | D        | Found a sparkling altar of Nemelex Xobeh.
   261 | D        | Found a burning altar of Makhleb.
   261 | D        | Found a blossoming altar of Fedhas.
   261 | D        | Found a white marble altar of Elyvilon.
   261 | D        | Found a shadowy altar of Dithmenos.
   261 | D        | Found a snail-covered altar of Cheibriados.
   264 | D        | Found a corrupted altar of Lugonu.
   264 | D        | Found a radiant altar of Vehumet.
   265 | D        | Found an ancient bone altar of Kikubaaqudgha.
   265 | D        | Found a hide-covered altar of Uskayaw.
   265 | D        | Found a broken altar of Ashenzari.
   328 | D        | Reached ** piety under Trog
   329 | D        | Reached skill level 5 in Fighting
   329 | D        | Reached XP level 2. HP: 35/35 MP: 2/2
   566 | D        | Reached *** piety under Trog
   574 | D        | Reached XP level 3. HP: 42/42 MP: 3/3
   575 | D        | Reached **** piety under Trog
   663 | D        | Noticed a bullfrog
   668 | D        | Killed a bullfrog
   669 | D        | Reached XP level 4. HP: 50/53 MP: 4/4
   837 | D        | Noticed an orc warrior
   840 | D        | Reached ***** piety under Trog
   841 | D        | Reached skill level 5 in Dodging
   841 | D        | Reached XP level 5. HP: 62/62 MP: 5/5
   847 | D        | Killed an orc warrior
   848 | D        | Reached XP level 6. HP: 75/75 MP: 6/6
   994 | D        | Noticed a merfolk
  1005 | D        | Killed a merfolk
  1006 | D        | Reached skill level 10 in Fighting
  1006 | D        | Reached skill level 10 in Maces & Flails
  1006 | D        | Reached XP level 7. HP: 10/87 MP: 7/7
  1641 | D        | Reached ****** piety under Trog
  1645 | D        | Identified the +9 dire flail of Malaise {antimagic, rPois
                  | rF++ Str-5 SInv} (Trog gifted it to you in the Dungeon)
  1645 | D        | Received a gift from Trog
  1775 | D        | Noticed Gastronok
  1788 | D        | Reached XP level 8. HP: 65/96 MP: 2/8
  1796 | D        | Killed Gastronok
  1797 | D        | Reached XP level 9. HP: 50/111 MP: 3/9
  2105 | D        | Noticed a smoke demon
  2105 | D        | Noticed a shadow wraith
  2106 | D        | Noticed a guardian mummy
  2111 | D        | Killed a smoke demon
  2112 | D        | Reached skill level 10 in Dodging
  2112 | D        | Noticed Sigmund
  2112 | D        | Noticed Urug
  2118 | D        | Killed a guardian mummy
  2118 | D        | Noticed an orc knight
  2122 | D        | Killed a shadow wraith
  2124 | D        | Killed Urug
  2125 | D        | Reached skill level 15 in Fighting
  2125 | D        | Reached skill level 15 in Maces & Flails
  2125 | D        | Reached XP level 10. HP: 41/126 MP: 3/10
  2126 | D        | Received a gift from Trog
  2132 | D        | Killed an orc knight
  2135 | D        | Killed Sigmund
  2332 | D        | Noticed a manticore
  2334 | D        | Received a gift from Trog
  2345 | D        | Killed a manticore
  2525 | D        | Noticed a boulder beetle
  2542 | D        | Noticed Josephine
  2543 | D        | Noticed an anaconda
  2543 | D        | Noticed an orc knight
  2546 | D        | Killed Josephine
  2559 | D        | Killed an orc knight
  2560 | D        | Reached XP level 11. HP: 86/139 MP: 3/11
  2563 | D        | Received a gift from Trog
  2571 | D        | Killed an anaconda
  2574 | D        | Killed a boulder beetle
  2581 | D        | HP: 9/210 [wraith[Josephine] (13)]
  2581 | D        | Killed from afar by an orc priest

Illustrated notes

Levels and vault maps discovered:
D:        pitsprint [storerooms_1, entrance_room_1, metal_vault_6, armoury_2,
          mini_pit_1, grid_room_1, main_hall_1, silver_pit, the_coven_2,
          the_vestibule_1, steel_vault_1, golden_pit, hallway_of_sentries,
          crystal_vault_5, iron_vault_2, final_vault]

Skill      XL: |  1  2  3  4  5  6  7  8  9 10 11 |
---------------+----------------------------------+-----
Maces & Flails | 4 6 8 10 11 13 15 16 17 | 17.6
Dodging        | 3 4 5 6 7 8 9 11 12 | 12.9
Fighting       | 5 6 7 9 10 11 13 15 17 | 17.8

Action                     |  1- 3 |  4- 6 |  7- 9 | 10-12 || total
---------------------------+-------+-------+-------+-------++-------
  Melee: Mace              |    46 |    21 |    18 |       ||    85
         Punch             |       |     1 |       |       ||     1
         Dire flail        |       |       |    25 |    59 ||    84
 Invoke: Berserk           |     2 |     2 |     2 |     1 ||     7
         Trog's Hand       |       |       |     1 |     1 ||     2
         Brothers in Arms  |       |       |     1 |       ||     1
    Use: Potion            |       |       |     2 |     1 ||     3
 Armour: Animal skin       |    17 |     3 |     1 |     2 ||    23
  Dodge: Dodged            |    44 |    11 |    20 |    17 ||    92

Table legend: (Time is in decaauts)
 A = Elapsed time spent in this place.
 B = Non-inter-level travel time spent in this place.
 C = Inter-level travel time spent in this place.
 D = Time resting spent in this place.
 E = Time spent auto-exploring this place.
 F = Levels seen in this place.
 G = Mean time per level.
                   A        B        C        D        E       F      G
               +--------+--------+--------+--------+--------+-----+--------+
         Total |   2638 |   2570 |     68 |   2099 |      0 |   1 | 2638.0 |
       Dungeon |   2638 |   2570 |     68 |   2099 |      0 |   1 | 2638.0 |
               +--------+--------+--------+--------+--------+-----+--------+

Top non-repeatable levels by time:
       D: 2638 daAuts
